 Dungeon Crawl Stone Soup version 0.17-a0-1705-gb8832cf (webtiles) character file.

1146625 Ultraviolent4 the Centaur Porcupine (level 27, 258/269 (273) HPs)
             Began as a Centaur Conjurer on Aug 21, 2015.
             Was the Champion of the Shining One.
             Drowned
             ... in Pandemonium.
             The game lasted 10:30:05 (94460 turns).

Ultraviolent4 the Centaur Porcupine (CeCj)         Turns: 94460, Time: 10:30:05

HP:   258/269 (273) AC: 59    Str: 25    XL:     27
MP:   15/31         EV: 26    Int:  6    God:    the Shining One [******]
Gold: 8568          SH:  0    Dex: 18    Spells: 0 memorised, 29 levels left

rFire  + + +     SeeInvis +     b - +9 bardiche (holy)
rCold  + . .     Clarity  .     W - +14 pearl dragon armour of Ysatemm {rF+ rC+ rN+}
rNeg   + + +     SustAt   .     (no shield)
rPois  +         Gourm    .     Z - +1 hat of Kikubaaqudgha's Favour {rF+++ Str+3 Int-4}
rElec  +         Spirit   .     H - +2 cloak {MR+}
rCorr  .         Warding  +     N - +2 pair of fencer's gloves {LBl+4 SBl+4 EV+3 Dex+6}
rMut   .         Stasis   .     R - +2 centaur barding of Okawaru's Whim {rElec rF+ Regen+ Int-4}
MR     +++..                    V - brooch of Shielding {Ward rN+ AC+4 EV+4}
Stlth  ..........               C - ring of the Countless Deaths {rPois Slay+3 SInv}
                                D - +5 ring of protection

@: mildly poisoned (258 -> 257), glowing, very quick, extremely resistant to
hostile enchantments, extremely unstealthy
A: hooves 3, deformed body, speed 2, low mp 1, tough skin 3
a: Divine Shield, Cleansing Flame, Summon Divine Warrior, Renounce Religion
}: 13/15 runes: decaying, serpentine, slimy, silver, golden, iron, obsidian,
icy, bone, abyssal, glowing, fiery, dark


You were in Pandemonium.
You worshipped the Shining One.
The Shining One was exalted by your worship.
You were very full.

You visited 16 branches of the dungeon, and saw 88 of its levels.
You visited Pandemonium 1 time, and saw 20 of its levels.
You visited the Abyss 3 times.
You visited 1 bazaar.
You also visited: Ice Cave and Volcano.

You collected 12696 gold pieces.
You spent 4128 gold pieces at shops.

Inventory:

Hand weapons
 a - the +8 bow of Krishna "Sharnga" {speed, Dex+3 SInv}
   (You found it on level 2 of the Swamp)

   Attacks with this weapon are significantly faster.
   It affects your dexterity (+3).
   It lets you see invisible.
 b - a +9 bardiche of holy wrath (weapon)
 w - the +7 longbow "Piercer" {penet, EV-2}
   (Okawaru gifted it to you on level 2 of the Vaults)

   Ammo fired by it will pass through the targets it hits, potentially hitting
   all targets in its path until it reaches maximum range.
   It affects your evasion (-2).
Missiles
 h - 296 arrows
 j - 147 arrows of frost
 q - 119 arrows of flame
 r - 22 arrows of dispersal
 G - 4 throwing nets (quivered)
Armour
 H - a +2 cloak of magic resistance (worn)
 N - the +2 pair of fencer's gloves (worn) {LBl+4 SBl+4 EV+3 Dex+6}
   (You bought it in a shop on level 4 of the Orcish Mines)

   It affects your evasion (+3).
   It affects your dexterity (+6).
 R - the +2 centaur barding of Okawaru's Whim (worn) {rElec rF+ Regen+ Int-4}
   (Okawaru gifted it to you on level 3 of the Snake Pit)

   It affects your intelligence (-4).
   It protects you from fire.
   It insulates you from electricity.
   It increases your rate of regeneration.
 S - a +4 centaur barding of flying
 W - the +14 pearl dragon armour of Ysatemm (worn) {rF+ rC+ rN+}
   (You took it off a mummy priest on level 1 of the Tomb of the Ancients)

   It protects you from fire.
   It protects you from cold.
   It protects you from negative energy.
 X - a +0 crystal plate armour of cold resistance
 Y - the +8 orange crystal plate armour {Archmagi, Int+3 Clar SustAt}
   (You bought it in a shop on level 4 of the Orcish Mines)

   It affects your intelligence (+3).
   It sustains your strength, intelligence and dexterity.
   It protects you against confusion.
 Z - the +1 hat of Kikubaaqudgha's Favour (worn) {rF+++ Str+3 Int-4}
   (You found it on level 2 of the Vaults)

   It affects your strength (+3).
   It affects your intelligence (-4).
   It renders you almost immune to fire.
Jewellery
 i - an uncursed amulet of resist corrosion
 v - a +5 ring of protection
 C - the ring of the Countless Deaths (right hand) {rPois Slay+3 SInv}
   (You acquired it on level 3 of the Depths)

   [ring of slaying]

   It affects your accuracy and damage with ranged weapons and melee attacks
   (+3).
   It protects you from poison.
   It lets you see invisible.
 D - a +5 ring of protection (left hand)
 J - the ring "Noruh" {rF+ rC+ rN+ Str-2 SInv}
   (You took it off a death knight on level 3 of the Crypt)

   [ring of positive energy]

   It affects your strength (-2).
   It protects you from fire.
   It protects you from cold.
   It protects you from negative energy.
   It lets you see invisible.
 V - the brooch of Shielding (around neck) {Ward rN+ AC+4 EV+4}
   (You found it on level 3 of the Crypt)

   [amulet of warding]

   It may prevent the melee attacks of summoned creatures.
   It affects your AC (+4).
   It affects your evasion (+4).
   It protects you from negative energy.
Magical devices
 u - a wand of heal wounds (7)
 z - a wand of heal wounds (5)
 B - a wand of digging (8)
 L - a wand of teleportation (5)
 T - a wand of disintegration (7)
Scrolls
 d - 11 scrolls of enchant armour
 e - a scroll of blinking
 f - 7 scrolls of magic mapping
 k - 3 scrolls of teleportation
 l - 2 scrolls of fear
 n - 24 scrolls of remove curse
 o - 10 scrolls of fog
 y - 3 scrolls of recharging
 F - 2 scrolls of enchant weapon
 M - a scroll of brand weapon
 P - 2 scrolls of identify
 Q - 4 scrolls of holy word
Potions
 g - 19 potions of curing
 m - a potion of cure mutation
 p - a potion of resistance
 t - 8 potions of heal wounds
 A - a potion of cancellation
 E - 4 potions of haste
 I - 4 potions of might
 K - 5 potions of berserk rage
Miscellaneous
 O - a fan of gales
Comestibles
 c - 45 bread rations
 x - 12 royal jellies
 U - 2 meat rations


   Skills:
 O Level 27 Fighting
 O Level 27 Polearms
 - Level 20.1 Bows
 + Level 21.2 Armour
 + Level 18.9 Dodging
 - Level 1.2 Stealth
 - Level 1.5 Spellcasting
   Level 3.6 Conjurations
 - Level 16.6 Invocations


You had 29 spell levels left.
You didn't know any spells.

Dungeon Overview and Level Annotations

Branches:
Dungeon (15/15)            Temple (0/1) D:7            Lair (8/8) D:8
  Swamp (4/4) Lair:6        Snake (4/4) Lair:3        Slime (6/6) Lair:8
    Orc (4/4) D:10            Elf (3/3) Orc:3        Vaults (5/5) D:13
  Crypt (3/3) Vaults:3       Tomb (3/3) Crypt:3      Depths (4/5) D:15
   Hell (1/1)                 Dis (7/7) Hell            Geh (7/7) Hell
    Coc (7/7) Hell            Tar (7/7) Hell

Altars:
Ashenzari
Elyvilon
Fedhas
Kikubaaqudgha
Makhleb
Nemelex Xobeh
Okawaru
Sif Muna
Vehumet
Xom
Yredelemnul
The Shining One
Jiyva
Lugonu

Shops:
D:9 :   D:13 }   Orc:4 [(:}}   Elf:1 ?   Elf:2 *   Vaults:1 [   Vaults:5 (
Depths:3 ?

Portals:
Hell: Depths:1 Depths:2 Depths:3 Depths:4
Abyss: Depths:2 Depths:4
Pandemonium: Depths:3
Ziggurat: Depths:1

Annotations:
D:3 Terence
D:11 Josephine
Pan Lom Lobon


Innate Abilities, Weirdness & Mutations

You have hooves in place of feet.
Armour fits poorly on your strangely shaped body.
You cover ground very quickly.
You have extremely tough skin (AC +3).
Your magical capacity is low (-10% MP).


Message History

You feel sick.
Your daeva calls down the wrath of the Shining One upon Lom Lobon.
Lom Lobon is smitten.
You feel sick.
Your daeva dies!
The ball lightning explodes!
The blast of lightning engulfs your angel.
Your angel resists.
The vortex of raging winds lifts you up.
You fly up into the air.
You are engulfed in raging winds.
You feel sick.
You are engulfed in raging winds.
Attack whom?
Press: ? - help, Dir - move target cursor, f - Lom Lobon
Aim: Lom Lobon (raging winds, lightly wounded, surrounded by restless winds, haloed)
You reach to attack!
You slice Lom Lobon!!
Lom Lobon convulses!!!
Lom Lobon is moderately wounded.
You are engulfed in raging winds.
You float gracefully downwards.
You fall into the water!
You sink like a stone!
You drown...
You die...

≈≈≈≈≈≈≈≈.≈≈≈≈≈≈≈≈.....≈≈#≈≈*,,,*,
≈≈≈≈≈≈≈≈≈≈≈≈≈≈≈≈≈....≈.≈#≈≈*,,,*,
≈≈≈≈****###≈≈≈≈≈≈≈...≈≈≈#≈≈*,,,*,
≈≈***,,,..###≈≈≈≈≈....≈≈#≈≈*,,,*,
≈**,,,,,.$..##≈≈≈≈.....≈#≈≈*,,,*,
**,,,,,,.....##≈≈§...≈≈≈#≈≈*,,,*,
*,,,,,,,.§§§§§#§≈§...≈≈##≈≈*,,,*,
*,,,,,,,§A§§§A##§≈..≈≈≈#≈≈≈*,,,*,
,,,,,,,,§§§§§§§#@§.≈.≈≈#≈≈**,,,*,
,,,,,,,,§.§.AA&§§..≈≈≈##≈≈**,,,*,
,,,,,,,,§§.§.))§§≈.≈≈≈#≈≈≈**,,,*,
,,,,,,,§§§§§§§§.§.≈≈≈##≈≈***,,,*,
,,,,,,,,§§§.§..#§§≈≈##≈≈≈* *,,,*,
*,,,,,,,§§§.§.##≈≈≈##≈≈≈** *,,,*,
*,,,,**+##§.§§*§§≈##≈≈≈** *,,,*,
**,,**,,,##.§#*§§##≈≈≈** *,,,*,
≈**,*,,,,,#§#*≈≈##≈≈≈** *,,,*,


You could see Lom Lobon, a friendly daeva and a friendly angel.

Vanquished Creatures
  Antaeus (Coc:7)
  the royal jelly (Slime:6)
  Ereshkigal (Tar:7)
  the Serpent of Hell (Geh:7)
  Mnoleg (Pan)
  Dispater (Dis:7)
  3 ancient liches
  21 greater mummies
  Sojobo (Depths:1)
  Frederick (Depths:4)
  21 shard shrikes
  the Lernaean hydra (Swamp:4)
  Margery (Vaults:4)
  Norris (Vaults:3)
  Geryon (Hell)
  Nikola (Depths:1)
  2 profane servitors (Abyss:4)
  Xtahua (Crypt:2)
  8 bone dragons
  3 pandemonium lords (Pan)
  14 Brimstone Fiends
  Jorgrun (Swamp:2)
  A hellephant (Abyss:4)
  16 Ice Fiends
  8 Hell Sentinels
  Rupert (D:13)
  2 tentacled monstrosities
  8 deep elf blademasters
  2 quicksilver dragons (Dis:7)
  12 deep elf master archers
  20 liches
  12 titans
  25 acid blobs
  14 Shadow Fiends
  12 tentacled starspawn
  2 eldritch tentacles
  6 Executioners (Pan)
  A thorn hunter (Swamp:3)
  8 ancient champions
  7 sphinxes
  Agnes (Snake:1)
  13 shadow dragons
  Kirke (Swamp:2)
  A storm dragon (Vaults:4)
  8 revenants
  18 azure jellies
  2 blood saints (Pan)
  11 deep elf sorcerers
  Wiglaf (Snake:3)
  9 greater nagas
  5 tengu reavers
  A daeva (Abyss:1)
  An azure jelly (shapeshifter) (Vaults:4)
  15 frost giants
  2 orc warlords
  6 iron dragons
  14 fire giants
  18 vault wardens
  Aizul (Snake:1)
  6 curse skulls
  15 balrugs
  11 cacodemons
  27 reapers
  15 ghouls
  4 draconian annihilators (Pan)
  A spriggan defender (Depths:3)
  17 very ugly things
  21 ironheart preservers
  5 elemental wellsprings
  5 vampire knights
  27 war gargoyles
  16 stone giants
  10 salamander firebrands
  A green draconian (Depths:3)
  17 dire elephants (Depths:3)
  A black draconian (Depths:1)
  4 bennus
  A purple draconian (Crypt:1)
  A corrupter (Pan)
  6 salamander stormcallers
  10 deep elf annihilators
  2 chaos champions (Pan)
  6 deep elf demonologists
  4 lorocyprocas
  2 mottled draconians
  A black sun (Pan)
  12 ettins
  17 blizzard demons
  5 eidola
  An ettin (shapeshifter) (Depths:2)
  12 crystal guardians
  Snorg (Lair:4)
  38 vault guards
  2 fire dragons (shapeshifter) (Depths:2)
  11 deep elf death magi
  A minotaur (Crypt:1)
  10 jiangshi
  11 death oozes (Slime:6)
  9 great orbs of eyes
  21 mummy priests
  2 merfolk javelineers (Crypt:2)
  A quicksilver dragon zombie (Tar:7)
  5 deep elf high priests
  4 green deaths
  A merfolk impaler (Vaults:3)
  3 fire dragons
  13 yaktaur captains
  An ice dragon (shapeshifter) (Depths:2)
  14 ogre magi
  6 centaur warriors
  A catoblepas (Lair:8)
  2 entropy weavers (Depths:3)
  2 ghost crabs
  5 quicksilver dragon skeletons
  20 naga warriors
  9 rakshasas
  4 spriggan air magi
  6 anacondas
  21 ice dragons
  3 monstrous demonspawn (Pan)
  6 hell beasts
  20 hydras
  9 alligators
  3 death knights (Crypt:3)
  6 dancing weapons
  3 vampire magi (Crypt:1)
  10 death yaks
  3 deep troll shamans
  7 soul eaters
  8 shock serpents
  5 orc high priests
  4 deep troll earth magi
  14 hell hogs
  2 titan zombies
  17 thrashing horrors
  18 naga sharpshooters
  2 tengu warriors
  5 salamander mystics
  3 titan skeletons
  12 iron golems
  A shock serpent (shapeshifter) (Depths:2)
  17 deep elf knights
  7 sun demons
  3 fire crabs
  3 storm dragon zombies
  12 wretched stars
  8 iron trolls
  4 storm dragon skeletons
  26 hell knights
  140 skeletal warriors
  16 deep trolls
  46 death scarabs
  23 ice devils
  4 giant orange brains
  9 shadow wraiths
  3 spatial maelstroms
  8 flayed ghosts
  15 shadow demons
  2 infernal demonspawn
  5 golden dragon zombies
  2 fire crabs (shapeshifter)
  3 ghost moth zombies
  An unseen horror (shapeshifter) (Vaults:3)
  9 anaconda zombies
  10 unseen horrors
  17 deep elf summoners
  18 starcursed masses
  21 ironbrand convokers
  12 swamp dragons
  A kraken simulacrum (Hell)
  A gelid demonspawn (Pan)
  A swamp dragon (shapeshifter) (Depths:1)
  3 torturous demonspawn (Pan)
  3 ice statues
  18 phantasmal warriors
  2 giant orange brains (shapeshifter)
  3 hill giants
  4 shadow dragon zombies
  3 putrid demonspawn (Pan)
  Pikel (D:4)
  38 anubis guards
  10 naga ritualists
  3 golden dragon skeletons
  5 anaconda skeletons
  A lindwurm (Lair:8)
  2 wolf spiders
  10 necromancers
  6 wizards
  2 wolf spider zombies
  6 griffons
  5 harpies
  3 orc sorcerers
  4 iron dragon zombies
  2 fauns (shapeshifter)
  6 mana vipers
  5 worldbinders
  4 shadow dragon skeletons
  11 orc knights
  A cyclops (shapeshifter) (Vaults:4)
  49 ugly things
  24 salamanders
  8 stone giant zombies
  14 deep elf conjurers
  An orb spider (shapeshifter) (D:13)
  4 cyclopes
  3 fire giant zombies
  5 frost giant zombies
  5 elephants
  3 shining eyes
  An iron dragon skeleton (Tar:4)
  2 shock serpent zombies
  2 black mambas (shapeshifter) (D:13)
  2 hornets
  26 sixfirhies
  The ghost of Espgualade the Skirmisher, an experienced TeIE of Vehumet (D:5)
  38 black mambas
  A sphinx skeleton (Vaults:2)
  4 dire elephant zombies
  2 eyes of devastation
  31 rust devils
  16 molten gargoyles (Geh:7)
  An octopode (shapeshifter) (Depths:1)
  10 fire giant skeletons
  3 frost giant skeletons
  4 stone giant skeletons
  An elephant (shapeshifter) (Vaults:4)
  21 vault sentinels
  12 guardian serpents
  3 dire elephant skeletons
  3 apocalypse crabs (Abyss:4)
  29 smoke demons
  46 naga magi
  2 torpor snails
  An orange crystal statue (Depths:4)
  3 emperor scorpion zombies
  16 orange demons
  40 yaktaurs
  A sea snake zombie (Crypt:1)
  25 spiny frogs
  A spriggan skeleton (Depths:3)
  2 human zombies
  A catoblepas zombie (Dis:5)
  A black draconian zombie (Crypt:2)
  A titan simulacrum (Crypt:1)
  9 komodo dragons
  A kobold demonologist (Vaults:1)
  5 efreet
  7 demonic crawlers
  The ghost of wearedevo the Cudgeler, an average OgWz (D:4)
  3 gargoyles
  4 fire drakes
  A queen bee (Lair:1)
  32 freezing wraiths
  2 harpy zombies
  13 hellions
  12 red devils
  3 tengu conjurers
  13 hellwings
  18 tormentors
  A golden dragon simulacrum (Tomb:1)
  2 human skeletons
  17 hydra zombies
  A yellow draconian skeleton (Crypt:2)
  7 ancient zymes (Abyss:4)
  36 guardian mummies
  A komodo dragon (shapeshifter) (Vaults:5)
  A troll (Orc:3)
  43 blue devils
  10 merfolk
  2 silent spectres
  A giant leech (Swamp:1)
  2 jumping spiders (shapeshifter)
  22 two-headed ogres
  12 deep elf priests
  2 polar bears
  A wind drake (shapeshifter) (Vaults:2)
  Grinder (D:5)
  A ghost moth simulacrum (Crypt:3)
  A sphinx simulacrum (Vaults:1)
  9 raiju
  A boulder beetle (shapeshifter) (D:12)
  4 boulder beetles
  A fire giant simulacrum (Vaults:2)
  4 hydra skeletons
  82 slime creatures
  4 ettin zombies
  30 blink frogs
  A wolf spider simulacrum (Crypt:1)
  3 fire dragon zombies
  9 ushabtiu
  39 large abominations
  35 bog bodies
  2 stone giant simulacra
  7 alligator zombies
  A trapdoor spider (D:13)
  5 ice dragon zombies
  5 air elementals
  An alligator skeleton (Coc:7)
  A black mamba zombie (Tar:7)
  9 water elementals
  4 ettin skeletons
  2 spriggans (Depths:3)
  6 redbacks
  Sigmund (D:3)
  103 flying skulls
  A guardian serpent skeleton (Crypt:2)
  25 shadows
  2 wyverns
  26 wraiths
  2 fire dragon skeletons
  11 vampires
  A tarantella (shapeshifter) (Depths:3)
  7 basilisks
  26 deep elf magi
  A hippogriff (shapeshifter) (Vaults:1)
  2 mottled dragons
  6 hippogriffs
  13 fire elementals
  A hog (Swamp:2)
  30 yaks
  12 vampire mosquitoes
  9 chaos spawn
  4 fire bats
  14 ynoxinuls
  4 black mamba skeletons
  6 wargs
  21 neqoxecs
  71 nagas
  7 hungry ghosts
  8 golden eyes
  15 insubstantial wisps
  18 swamp worms
  32 deep elf fighters
  2 harpy simulacra (Depths:2)
  9 spatial vortices
  A gelid demonspawn zombie (Crypt:2)
  10 water moccasins
  20 hell hounds
  39 wolves
  A soldier ant (shapeshifter) (Depths:3)
  7 spiny frog zombies
  Duvessa (D:5)
  13 swamp drakes
  2 swamp dragon zombies
  3 hydra simulacra (Depths:2)
  2 sky beasts
  6 wasps
  30 orc warriors
  8 ice beasts
  15 porcupines
  5 phantoms
  2 eyes of draining (shapeshifter)
  3 spiny frog skeletons
  3 black bears
  3 snapping turtle zombies
  9 eyes of draining
  3 manticore zombies
  21 necrophages
  A swamp dragon skeleton (Tar:4)
  3 centaurs
  24 small abominations
  14 boggarts
  4 snapping turtle skeletons
  25 crocodiles
  50 ogres
  6 brain worms
  A komodo dragon zombie (Crypt:1)
  Blork the orc (D:5)
  14 giant frogs
  A wyvern zombie (D:7)
  Dowan (D:5)
  6 big kobolds
  An earth elemental (Abyss:2)
  2 elf skeletons
  A spiny frog simulacrum (Coc:7)
  4 scorpions
  A wyvern skeleton (D:14)
  A hippogriff skeleton (Crypt:2)
  41 killer bees
  A manticore simulacrum (Crypt:3)
  31 wights
  6 electric eels
  4 quasits
  20 crimson imps
  A wasp zombie (D:7)
  5 centaur zombies
  A gnoll shaman (D:7)
  A soldier ant zombie (Crypt:1)
  7 centaur skeletons
  5 giant frog zombies
  11 iron imps
  13 jellies
  7 lava snakes
  Crazy Yiuf (D:2)
  39 orc priests
  Ijyb (D:3)
  8 iguanas
  5 hounds
  Jessica (D:3)
  A black bear skeleton (Crypt:1)
  5 giant frog skeletons
  31 orc wizards
  A killer bee zombie (Crypt:2)
  7 sheep (Lair:1)
  13 worker ants
  A naga zombie (Dis:7)
  An ogre zombie (Geh:7)
  2 ogre skeletons
  A giant frog simulacrum (D:12)
  A hound zombie (D:7)
  2 naga skeletons
  2 hound skeletons
  45 mummies
  A worker ant zombie (D:6)
  Robin (D:1)
  11 adders
  13 gnolls
  A swamp drake zombie (Crypt:2)
  67 river rats
  18 shadow imps
  35 white imps
  A giant eyeball (Abyss:4)
  3 oozes
  9 ufetubi
  A worm (D:2)
  An adder skeleton (D:6)
  161 orcs
  7 giant cockroaches
  19 goblins
  15 hobgoblins
  12 jackals
  22 kobolds
  4 quokkas
  3 ball pythons
  20 bats
  8 giant geckos
  9 giant newts
  A jackal skeleton (D:7)
  An orc zombie (Tar:6)
  A quokka zombie (Crypt:1)
  22 rats
  8 crawling corpses
  3 fire vortices
  2 fungi
  2 lost souls
  2 lurking horrors
  15 starspawn tentacles
  A tentacle (Hell)
4350 creatures vanquished.

Vanquished Creatures (collateral kills)
  Cerebov (Pan)
  Asmodeus (Geh:7)
  Gloorx Vloq (Pan)
  4 greater mummies (Tomb:3)
  A Brimstone Fiend (Geh:7)
  A Hell Sentinel (Dis:7)
  2 Ice Fiends (Dis:7)
  A quicksilver dragon (Dis:7)
  A deep elf master archer (Depths:3)
  2 acid blobs (Slime:6)
  A sphinx (Tomb:1)
  2 Executioners (Pan)
  An azure jelly (Slime:6)
  2 cacodemons
  A balrug (Pan)
  An iron dragon (Dis:7)
  A warmonger (Pan)
  An angel (Abyss:4)
  A draconian annihilator (Pan)
  2 reapers
  5 war gargoyles (Dis:7)
  An elemental wellspring (Coc:7)
  A black draconian (Abyss:1)
  A lorocyproca (Dis:7)
  A red draconian (Abyss:1)
  4 mummy priests
  A blizzard demon (Pan)
  A deep elf high priest (Vaults:5)
  2 rakshasas (Pan)
  An ice dragon (Coc:7)
  A hell hog (Hell)
  4 iron golems (Dis:7)
  A soul eater (Abyss:4)
  A storm dragon zombie (Abyss:4)
  A skeletal warrior (Dis:7)
  12 death scarabs (Tomb:3)
  An ice devil (Hell)
  An iron troll (Dis:7)
  A shadow demon (Pan)
  A wizard (Pan)
  An orc knight (Vaults:5)
  A deep elf conjurer (Vaults:5)
  An anubis guard (Tomb:1)
  An anaconda skeleton (Coc:7)
  A shining eye (Slime:6)
  An eye of devastation (Pan)
  A sixfirhy (Pan)
  A worldbinder (Abyss:4)
  A smoke demon (Abyss:4)
  3 rust devils (Dis:7)
  A tormentor (Pan)
  3 guardian mummies (Tomb:3)
  3 demonic crawlers (Pan)
  A deep elf priest (Depths:4)
  An ice dragon zombie (Tomb:1)
  A flying skull (Tomb:3)
  A water elemental (Coc:7)
  A neqoxec (Pan)
  A deep elf fighter (Depths:4)
  A spatial vortex (Tar:7)
  A manticore zombie (Dis:7)
  A swamp dragon zombie (Dis:7)
  A spiny frog skeleton (Pan)
  A snapping turtle skeleton (Coc:7)
  2 small abominations
  A jelly (Slime:6)
  A mummy (Tomb:3)
104 creatures vanquished.

Vanquished Creatures (others)
  2 eldritch tentacles
  An ancient champion (Tomb:2)
  A tengu reaver (Vaults:5)
  A war gargoyle (Vaults:5)
  A vault guard (Vaults:5)
  A blizzard demon (Pan)
  A green death (Abyss:4)
  A hydra (D:12)
  A spriggan air mage (Pan)
  A small abomination (Vaults:5)
  A deep troll shaman (Depths:1)
  2 deep trolls (Depths:1)
  4 ball lightnings (Pan)
  5 death scarabs
  An iron dragon zombie (Geh:7)
  A yaktaur (D:12)
  A guardian mummy (Tomb:3)
  A hydra zombie (Coc:5)
  A harpy zombie (Geh:7)
  8 flying skulls
  A large abomination (Abyss:4)
  2 humans (Swamp:2)
  A neqoxec (Pan)
  A naga (Snake:4)
  A swamp dragon zombie (Tomb:2)
  An orc priest (Crypt:2)
  5 mummies
  A river rat (Lair:3)
  A white imp (IceCv)
  3 ufetubi (IceCv)
  A ball python (D:4)
  A quokka (D:8)
  A bush (Swamp:4)
  A crawling corpse (Vaults:5)
  168 eldritch tentacle segments
  A fire vortex (Vaults:3)
  58 fungi
  3 lost souls
  58 plants
  23 starspawn tentacles
  231 starspawn tentacle segments
  4 tentacles (Hell)
  153 tentacle segments (Hell)
756 creatures vanquished.

Grand Total: 5210 creatures vanquished

Notes
Turn   | Place    | Note
--------------------------------------------------------------
     0 | D:1      | Ultraviolent4 the Centaur Conjurer began the quest for the Orb.
     0 | D:1      | Reached XP level 1. HP: 14/14 MP: 3/3
    63 | D:1      | Reached skill level 1 in Fighting
   298 | D:1      | Reached XP level 2. HP: 20/23 MP: 1/4
   959 | D:1      | Reached XP level 3. HP: 30/30 MP: 2/5
  1718 | D:2      | Noticed Robin
  1860 | D:1      | Killed Robin
  2257 | D:2      | Reached XP level 4. HP: 35/39 MP: 0/6
  2459 | D:2      | Found a faded altar to an unknown god.
  2852 | D:2      | Reached skill level 4 in Fighting
  2890 | D:2      | Noticed Crazy Yiuf
  3843 | D:2      | Killed Crazy Yiuf
  4031 | D:3      | Noticed Jessica
  4084 | D:3      | Found a shimmering altar of Xom.
  4108 | D:3      | Reached XP level 5. HP: 47/47 MP: 3/7
  4194 | D:3      | Noticed Terence
  4403 | D:3      | Killed Jessica
  4403 | D:3      | Reached skill level 5 in Fighting
  4619 | D:3      | Noticed Ijyb
  4620 | D:3      | Noticed Sigmund
  4648 | D:3      | Killed Ijyb
  4648 | D:3      | Reached skill level 6 in Fighting
  4648 | D:3      | Reached XP level 6. HP: 50/57 MP: 4/8
  4675 | D:3      | Killed Sigmund
  5046 | D:4      | Reached skill level 1 in Polearms
  5140 | D:5      | Entered Level 5 of the Dungeon
  5180 | D:5      | Reached XP level 7. HP: 30/64 MP: 9/9
  5615 | D:5      | Found a sparkling altar of Nemelex Xobeh.
  5706 | D:5      | Noticed Espgualade's ghost (experienced TeIE)
  5756 | D:5      | Gained mutation: You have supernaturally acute eyesight. [mutagenic meat]
  5942 | D:5      | Killed Espgualade's ghost
  5942 | D:5      | Reached XP level 8. HP: 46/71 MP: 10/10
  6070 | D:5      | Noticed Grinder
  6093 | D:5      | Killed Grinder
  6112 | D:5      | Reached skill level 7 in Polearms
  6193 | D:5      | Noticed Dowan
  6197 | D:5      | Noticed Duvessa
  6210 | D:5      | Killed Duvessa
  6217 | D:5      | Killed Dowan
  6258 | D:5      | Noticed Blork the orc
  6266 | D:5      | Killed Blork the orc
  6266 | D:5      | Reached skill level 8 in Polearms
  7016 | D:6      | Found an iron altar of Okawaru.
  7017 | D:6      | Found a radiant altar of Vehumet.
  7028 | D:6      | Became a worshipper of Warmaster Okawaru
  7171 | D:4      | Noticed wearedevo's ghost (average OgWz)
  7237 | D:4      | Reached skill level 1 in Bows
  7237 | D:4      | Reached XP level 9. HP: 51/78 MP: 11/11
  7798 | D:4      | Killed wearedevo's ghost
  7909 | D:4      | Noticed Pikel
  7925 | D:4      | Killed Pikel
  7925 | D:4      | Acquired Okawaru's first power
  7925 | D:4      | Reached skill level 9 in Polearms
  7925 | D:4      | Reached skill level 5 in Bows
  8603 | D:7      | Found a shattered altar of Ashenzari.
  9185 | D:7      | Found a deep blue altar of Sif Muna.
  9379 | D:7      | Found a staircase to the Ecumenical Temple.
  9685 | D:7      | Reached skill level 10 in Polearms
  9685 | D:7      | Reached XP level 10. HP: 84/84 MP: 12/12
  9969 | D:7      | Reached skill level 1 in Invocations
 10200 | D:8      | Found a white marble altar of Elyvilon.
 10256 | D:8      | Found a white marble altar of Elyvilon.
 10556 | D:8      | Noticed a white ugly thing
 10791 | D:8      | Identified the Guide on Protection and Bewitchment (You found it on level 8 of the Dungeon)
 11482 | D:8      | Killed a white ugly thing
 11532 | D:8      | Found a staircase to the Lair.
 11935 | Lair:1   | Entered Level 1 of the Lair of Beasts
 12021 | Lair:1   | Reached skill level 10 in Bows
 12127 | Lair:1   | Reached skill level 11 in Polearms
 12294 | Lair:1   | Reached XP level 11. HP: 56/91 MP: 14/14
 12313 | Lair:1   | Found a frozen archway.
 12326 | IceCv    | Entered an ice cave
 12508 | IceCv    | Noticed an ice statue
 12508 | IceCv    | Noticed an ice statue
 12735 | IceCv    | Killed an ice statue
 12848 | IceCv    | Killed an ice statue
 12887 | IceCv    | Received a gift from Okawaru
 13221 | IceCv    | Reached skill level 5 in Invocations
 13538 | IceCv    | Noticed an ice devil
 13664 | IceCv    | Killed an ice devil
 13907 | IceCv    | Reached skill level 12 in Bows
 14032 | IceCv    | Got an amber-studded ring mail
 14043 | IceCv    | Identified the cursed +0 ring mail "Duranoym" {MR+ Dex+3 Stlth-} (You found it in an ice cave)
 14528 | Lair:1   | Received a gift from Okawaru
 14794 | Lair:1   | Reached skill level 1 in Armour
 15010 | Lair:1   | Noticed a six-headed hydra
 15049 | Lair:1   | Killed a six-headed hydra
 15101 | Lair:1   | Noticed a black mamba
 15121 | Lair:1   | Killed a black mamba
 15121 | Lair:1   | Received a gift from Okawaru
 15546 | Lair:1   | Reached XP level 12. HP: 39/97 MP: 14/16
 15561 | Lair:1   | Reached skill level 13 in Bows
 16392 | Lair:2   | Acquired Okawaru's second power
 16442 | Lair:2   | Found a dark tunnel.
 16497 | Volcano  | Entered a volcano
 16563 | Volcano  | Received a gift from Okawaru
 16616 | Volcano  | Noticed yottam's ghost (powerful HuWn)
 16647 | Volcano  | Noticed a red draconian
 16648 | Volcano  | Found a burning altar of Makhleb.
 17123 | Lair:2   | Received a gift from Okawaru
 17642 | Lair:3   | Found a staircase to the Snake Pit.
 18357 | Lair:3   | Got a smelly scale mail
 18368 | Lair:3   | Identified the +6 scale mail of the Beginning {Slay+5 SInv} (You found it on level 3 of the Lair of Beasts)
 18543 | Lair:3   | Reached skill level 14 in Bows
 19441 | Lair:4   | Noticed Snorg
 19653 | Lair:4   | Noticed a five-headed hydra
 19675 | Lair:4   | Killed a five-headed hydra
 20040 | Lair:4   | Killed Snorg
 20137 | Lair:4   | Reached XP level 13. HP: 61/104 MP: 19/19
 20689 | Lair:5   | Reached skill level 15 in Bows
 20948 | Lair:5   | Received a gift from Okawaru
 21239 | Lair:5   | Received a gift from Okawaru
 21609 | Lair:5   | Reached skill level 5 in Armour
 22208 | Lair:6   | Reached skill level 16 in Bows
 22380 | Lair:6   | Found a staircase to the Swamp.
 22962 | Lair:6   | Received a gift from Okawaru
 23570 | Lair:7   | Received a gift from Okawaru
 23864 | Lair:7   | Reached XP level 14. HP: 111/111 MP: 20/20
 24685 | Lair:8   | Entered Level 8 of the Lair of Beasts
 24685 | Lair:8   | Found a staircase to the Slime Pits.
 24685 | Lair:8   | Found a viscous altar of Jiyva.
 24715 | Lair:8   | Reached skill level 17 in Bows
 26500 | Lair:8   | Reached skill level 15 in Polearms
 26653 | Lair:8   | Received a gift from Okawaru
 26908 | Lair:7   | Upgraded the game from 0.17-a0-1698-ga4b5924 to 0.17-a0-1705-gb8832cf
 27348 | D:9      | Found Qufyk's Book Shop.
 27408 | D:9      | You fall through a shaft for 3 floors!
 27462 | D:11     | Noticed Josephine
 27545 | D:10     | Entered Level 10 of the Dungeon
 27832 | D:9      | Found a blossoming altar of Fedhas.
 27913 | D:9      | Received a gift from Okawaru
 28162 | D:10     | Found a staircase to the Orcish Mines.
 28392 | D:10     | Received a gift from Okawaru
 28594 | D:10     | Found a shimmering altar of Xom.
 28985 | Orc:1    | Entered Level 1 of the Orcish Mines
 29031 | D:10     | Reached skill level 18 in Bows
 30142 | Orc:3    | Found a staircase to the Elven Halls.
 30220 | Orc:3    | Noticed an orc warlord
 30381 | Orc:3    | Killed an orc warlord
 30598 | Orc:3    | Paralysed by an orc sorcerer for 2 turns
 30609 | Orc:3    | Received a gift from Okawaru
 31237 | Orc:4    | Entered Level 4 of the Orcish Mines
 31842 | Orc:3    | Reached XP level 15. HP: 73/117 MP: 21/21
 31953 | Orc:4    | Found Zaguasetao's Weapon Shop.
 31953 | Orc:4    | Found Irop's Armour Shop.
 32000 | Orc:4    | Found Janigoet's Book Boutique.
 32007 | Orc:4    | Found Destriak's Gadget Boutique.
 32054 | Orc:4    | Bought the +8 orange crystal plate armour {Archmagi, Int+3 Clar SustAt} for 1369 gold pieces
 32054 | Orc:4    | Bought the +2 pair of fencer's gloves {LBl+4 SBl+4 EV+3 Dex+6} for 467 gold pieces
 32162 | Orc:4    | Found Rahuqod's Quality Used Wands.
 32744 | Snake:1  | Entered Level 1 of the Snake Pit
 32792 | Snake:1  | Noticed Aizul
 33158 | Snake:1  | Noticed Agnes
 33186 | Snake:1  | Killed Agnes
 33663 | Swamp:1  | Entered Level 1 of the Swamp
 34117 | Lair:6   | Received a gift from Okawaru
 34553 | Swamp:1  | Reached skill level 19 in Bows
 35130 | Swamp:1  | Received a gift from Okawaru
 35689 | Swamp:2  | Noticed Jorgrun
 35703 | Swamp:2  | Killed Jorgrun
 35703 | Swamp:2  | Received a gift from Okawaru
 36062 | Swamp:2  | Noticed Kirke
 36101 | Swamp:2  | Killed Kirke
 36525 | Swamp:2  | Reached skill level 20 in Bows
 36586 | Swamp:2  | Received a gift from Okawaru
 37345 | Swamp:4  | Entered Level 4 of the Swamp
 37383 | Swamp:4  | Noticed a thorn hunter
 37429 | Swamp:3  | Killed a thorn hunter
 37429 | Swamp:3  | Reached XP level 16. HP: 98/124 MP: 22/22
 38296 | Swamp:4  | Noticed the 27-headed Lernaean hydra
 38364 | Swamp:4  | Killed the 27-headed Lernaean hydra
 38386 | Swamp:4  | Got a decaying rune of Zot
 38899 | Snake:1  | Killed Aizul
 39201 | Snake:1  | Received a gift from Okawaru
 39508 | Snake:2  | Found a flickering gateway to a bazaar.
 39519 | Bazaar   | Entered a bazaar
 39523 | Bazaar   | Found Sicupp's Jewellery Boutique.
 39541 | Bazaar   | Found Jethrufel's Antique Armour Emporium.
 39558 | Bazaar   | Found Ynkargh's Distillery.
 39575 | Bazaar   | Found Dethrepn's Antique Armour Shoppe.
 39597 | Bazaar   | Bought a +4 ring of protection for 684 gold pieces
 39677 | Bazaar   | Bought a potion of cure mutation for 315 gold pieces
 40070 | Snake:2  | Received a gift from Okawaru
 40550 | Snake:3  | Received a gift from Okawaru
 40579 | Snake:3  | Reached XP level 17. HP: 130/130 MP: 23/23
 40700 | Snake:3  | Noticed Wiglaf
 40898 | Snake:3  | Received a gift from Okawaru
 40899 | Snake:3  | Got a smoking centaur barding {god gift}
 40961 | Snake:3  | Identified the +2 centaur barding of Okawaru's Whim {rElec rF+ Regen+ Int-4} (Okawaru gifted it to you on level 3 of the Snake Pit)
 41072 | Snake:3  | Identified a scroll of acquirement
 41620 | Snake:3  | Killed Wiglaf
 42199 | Snake:4  | Entered Level 4 of the Snake Pit
 42526 | Snake:4  | Received a gift from Okawaru
 42878 | Snake:4  | Reached skill level 21 in Polearms
 43047 | Snake:4  | Reached XP level 18. HP: 137/137 MP: 24/24
 43339 | Snake:4  | Got a serpentine rune of Zot
 43470 | Snake:4  | Received a gift from Okawaru
 44625 | D:12     | Found a burning altar of Makhleb.
 45170 | D:12     | Got a slimy bronze ring
 45180 | D:12     | Reached skill level 22 in Polearms
 45416 | D:13     | Found a gate to the Vaults.
 45699 | D:13     | Found Etips's Gadget Emporium.
 45763 | D:13     | Identified the ring "Kunyutij" {*Drain rElec rPois MR+ SInv} (You took it off a centaur warrior on level 12 of the Dungeon)
 45966 | D:13     | Noticed Rupert
 45995 | D:13     | Killed Rupert
 46912 | D:15     | Entered Level 15 of the Dungeon
 47166 | D:15     | Found a staircase to the Depths.
 47880 | Vaults:1 | Entered Level 1 of the Vaults
 47992 | Vaults:1 | Received a gift from Okawaru
 48119 | Vaults:1 | Received a gift from Okawaru
 48140 | Vaults:1 | Got an encrusted shield {god gift}
 48141 | Vaults:1 | Identified the +0 shield of Xorpheo {Dex+9} (Okawaru gifted it to you on level 1 of the Vaults)
 48225 | Vaults:1 | Reached skill level 23 in Polearms
 48326 | Vaults:1 | Reached XP level 19. HP: 122/144 MP: 25/25
 48649 | Vaults:1 | Found Futi's Antique Armour Shoppe.
 49488 | Vaults:1 | Received a gift from Okawaru
 50007 | Vaults:2 | Received a gift from Okawaru
 50084 | Vaults:2 | Reached skill level 24 in Polearms
 50372 | Vaults:2 | Received a gift from Okawaru
 50605 | Vaults:2 | Got a bloodstained hat
 50612 | Vaults:2 | Found a radiant altar of Vehumet.
 50642 | Vaults:2 | Identified the +1 hat of Kikubaaqudgha's Favour {rF+++ Str+3 Int-4} (You found it on level 2 of the Vaults)
 50664 | Vaults:2 | Got a wizard robe
 50676 | Vaults:2 | Got an ichor-stained hat
 50690 | Vaults:2 | Received a gift from Okawaru
 51427 | Vaults:2 | Received a gift from Okawaru
 51460 | Vaults:2 | Identified the +2 hat "Rukhlonwur" {rPois Dex+4} (You found it on level 2 of the Vaults)
 51705 | Vaults:3 | Reached XP level 20. HP: 114/150 MP: 26/26
 52405 | Vaults:3 | Reached skill level 25 in Polearms
 52441 | Vaults:3 | Found a staircase to the Crypt.
 52512 | Vaults:3 | Received a gift from Okawaru
 52602 | Vaults:3 | Received a gift from Okawaru
 52863 | Vaults:3 | Received a gift from Okawaru
 53112 | Vaults:3 | Noticed Norris
 53158 | Vaults:3 | Killed Norris
 53353 | Vaults:4 | Noticed Margery
 53359 | Vaults:4 | Received a gift from Okawaru
 53551 | Vaults:4 | Killed Margery
 54185 | Vaults:4 | Received a gift from Okawaru
 54232 | Vaults:4 | Reached skill level 26 in Polearms
 54300 | Vaults:4 | Received a gift from Okawaru
 55071 | Vaults:2 | Reached XP level 21. HP: 151/157 MP: 27/27
 55291 | Depths:1 | Entered Level 1 of the Depths
 55381 | Depths:1 | Got a warped leather armour
 55446 | Depths:1 | Received a gift from Okawaru
 55506 | Depths:1 | Found a gateway to a ziggurat.
 55513 | Depths:1 | Noticed Nikola
 55528 | Depths:1 | Killed Nikola
 55592 | Depths:1 | Found a gateway to Hell.
 55646 | Depths:1 | Received a gift from Okawaru
 55647 | Depths:1 | Got a distressingly furry ring mail {god gift}
 55661 | Depths:1 | Noticed Sojobo
 55709 | Depths:1 | Killed Sojobo
 55958 | Depths:1 | Found a glowing golden altar of the Shining One.
 55974 | Depths:1 | Fell from the grace of Okawaru
 55974 | Depths:1 | Became a worshipper of the Shining One
 56524 | Crypt:1  | Entered Level 1 of the Crypt
 56752 | Crypt:1  | Acquired the Shining One's first power
 57079 | Crypt:1  | Acquired the Shining One's second power
 57386 | Crypt:1  | Reached skill level 27 in Polearms
 57881 | Crypt:2  | Acquired the Shining One's third power
 57991 | Crypt:2  | Noticed Xtahua
 58004 | Crypt:2  | Killed Xtahua
 58014 | Crypt:2  | Acquired the Shining One's fourth power
 59060 | Crypt:2  | Reached skill level 10 in Fighting
 59556 | Depths:1 | Identified a +8 bardiche of holy wrath (a +6 bardiche of freezing blessed by the Shining One)
 59556 | Depths:1 | Received a gift from the Shining One
 59780 | Elf:1    | Entered Level 1 of the Elven Halls
 60140 | Elf:1    | Found Piawen's Magic Scroll Emporium.
 60265 | Elf:1    | Reached XP level 22. HP: 177/177 MP: 28/28
 60557 | Elf:3    | Entered Level 3 of the Elven Halls
 61543 | Elf:3    | Reached skill level 10 in Invocations
 61749 | Elf:3    | Got a slimy chain mail
 61754 | Elf:3    | Got a glittering bone ring
 61758 | Elf:3    | Identified the ring of Hehud {MR+ Str+3 Int+4} (You found it on level 3 of the Elven Halls)
 61846 | Elf:3    | Got a wavering lead ring
 62033 | Elf:2    | Found Atoes's General Store.
 62039 | Elf:2    | Bought a scroll of enchant armour for 157 gold pieces
 62039 | Elf:2    | Bought a potion of mutation for 52 gold pieces
 62039 | Elf:2    | Bought a scroll of enchant weapon for 157 gold pieces
 62039 | Elf:2    | Bought a scroll of recharging for 199 gold pieces
 62040 | Elf:2    | Identified the ring "Luxty" {rN+ MR+ Str-3 Int+9 SInv} (You took it off a deep elf annihilator on level 3 of the Elven Halls)
 62128 | Orc:3    | Gained mutation: You are frail (-10% HP). [potion of mutation]
 62128 | Orc:3    | Gained mutation: You have a pair of small antennae on your head. [potion of mutation]
 62128 | Orc:3    | Gained mutation: You are clumsy. (Dex -2) [potion of mutation]
 62129 | Orc:3    | Lost mutation: You have a pair of small antennae on your head. [potion of cure mutation]
 62129 | Orc:3    | Lost mutation: You are clumsy. (Dex -2) [potion of cure mutation]
 62129 | Orc:3    | Lost mutation: You are frail (-10% HP). [potion of cure mutation]
 62129 | Orc:3    | Lost mutation: You have supernaturally acute eyesight. [potion of cure mutation]
 62709 | Depths:2 | Gained mutation: You are covered in fur (AC +1). [potion of beneficial mutation]
 63290 | Depths:2 | Found a one-way gate to the infinite horrors of the Abyss.
 64111 | Depths:3 | Reached XP level 23. HP: 192/192 MP: 32/32
 64210 | Depths:3 | Reached skill level 10 in Armour
 64332 | Depths:3 | Found Aseqef's Magic Scroll Boutique.
 64345 | Depths:3 | Bought 3 scrolls of recharging for 456 gold pieces
 64345 | Depths:3 | Bought a scroll of recharging for 152 gold pieces
 64345 | Depths:3 | Bought a scroll of enchant armour for 120 gold pieces
 64543 | Depths:3 | Paralysed by a vampire knight for 4 turns
 64556 | Depths:3 | Paralysed by a vampire knight for 5 turns
 64720 | Depths:3 | Found a one-way gate leading to the halls of Pandemonium.
 65144 | Depths:3 | Got a bound silver ring
 65145 | Depths:3 | Identified the ring of the Countless Deaths {rPois Slay+3 SInv} (You acquired it on level 3 of the Depths)
 65769 | Depths:4 | Noticed Frederick
 65996 | Depths:4 | Found a deep blue altar of Sif Muna.
 67291 | Depths:4 | Got a spiked ring mail
 67314 | Depths:4 | Got a pitted scale mail
 67333 | Depths:4 | Killed Frederick
 67423 | Depths:4 | Found a corrupted altar of Lugonu.
 68106 | Depths:4 | Voluntarily entered the Abyss.
 68139 | Abyss:1  | Found a corrupted altar of Lugonu.
 68235 | Abyss:1  | Was forgiven by Okawaru
 68270 | Abyss:1  | Reached skill level 15 in Fighting
 68465 | Abyss:2  | Gained mutation: Your spells are a little easier to cast, but a little less powerful. [a neqoxec]
 68910 | Abyss:2  | Reached skill level 15 in Invocations
 68912 | Abyss:2  | Reached XP level 24. HP: 186/186 MP: 34/34
 68965 | Abyss:2  | Gained mutation: Your magical capacity is low (-10% MP). [a neqoxec]
 69636 | Abyss:4  | Gained mutation: Potions and wands are less effective at restoring your health. [a neqoxec]
 69656 | Abyss:4  | Gained mutation: Your body sometimes deteriorates upon taking damage. [a neqoxec]
 69767 | Abyss:4  | Gained mutation: You tend to lose your temper in combat. [a neqoxec]
 69804 | Abyss:4  | Found a shattered altar of Ashenzari.
 69840 | Abyss:4  | Found a corrupted altar of Lugonu.
 70813 | Abyss:4  | Got an abyssal rune of Zot
 70847 | Depths:4 | Escaped the Abyss
 70848 | Depths:4 | Lost mutation: Potions and wands are less effective at restoring your health. [potion of cure mutation]
 70848 | Depths:4 | Lost mutation: Your spells are a little easier to cast, but a little less powerful. [potion of cure mutation]
 70848 | Depths:4 | Lost mutation: You tend to lose your temper in combat. [potion of cure mutation]
 70848 | Depths:4 | Lost mutation: Your body sometimes deteriorates upon taking damage. [potion of cure mutation]
 71183 | Vaults:2 | Identified the cursed +1 scale mail "Gama Rik" {Str+4 Int+2 Slay+2} (You found it on level 4 of the Depths)
 71402 | Crypt:3  | Entered Level 3 of the Crypt
 71555 | Crypt:3  | Found a basalt altar of Yredelemnul.
 71745 | Crypt:3  | Got a shimmering lapis lazuli ring
 71747 | Crypt:3  | Got a faintly glowing granite ring
 71775 | Crypt:3  | Reached XP level 25. HP: 222/222 MP: 31/31
 71814 | Crypt:3  | Identified the ring "Noruh" {rF+ rC+ rN+ Str-2 SInv} (You took it off a death knight on level 3 of the Crypt)
 71815 | Crypt:3  | Identified the ring of Wiukyo {rN+ MR+ Dex+7 Stlth-} (You took it off a death knight on level 3 of the Crypt)
 71949 | Crypt:3  | Found a staircase to the Tomb.
 71988 | Crypt:3  | Got a twisted ring mail
 72026 | Tomb:1   | Entered Level 1 of the Tomb of the Ancients
 72135 | Tomb:1   | Paralysed by a sphinx for 2 turns
 72723 | Tomb:1   | Got a polished pearl dragon armour
 72724 | Tomb:1   | Identified the +14 pearl dragon armour of Ysatemm {rF+ rC+ rN+} (You took it off a mummy priest on level 1 of the Tomb of the Ancients)
 72762 | Tomb:1   | Gained mutation: Your magical capacity is very low (-20% MP). [a neqoxec]
 73310 | Tomb:1   | Reached skill level 5 in Dodging
 73544 | Tomb:2   | Got a faintly glowing robe
 73545 | Tomb:2   | Identified the +0 robe of Baorchan {Str+4} (You found it on level 2 of the Tomb of the Ancients)
 74479 | Tomb:1   | Reached XP level 26. HP: 186/238 MP: 28/28
 74909 | Tomb:3   | Entered Level 3 of the Tomb of the Ancients
 75109 | Tomb:3   | Noticed an ancient lich
 75341 | Tomb:2   | Killed an ancient lich
 75390 | Tomb:3   | Cast into the Abyss (eldritch tentacle)
 75406 | Abyss:1  | Paralysed by accursed screaming for 1 turns
 75411 | Abyss:1  | Paralysed by accursed screaming for 2 turns
 75426 | Tomb:3   | Escaped the Abyss
 75486 | Tomb:3   | Got a glittering iron ring
 75487 | Tomb:3   | Identified the ring "Qol Liwk" {rC+ rN+ Str+3 Dex+4} (You found it on level 3 of the Tomb of the Ancients)
 75491 | Tomb:3   | Identified a +5 rod of clouds (10/10) (You found it on level 3 of the Tomb of the Ancients)
 76026 | Tomb:3   | Identified a +6 rod of destruction (12/12) (You found it on level 3 of the Tomb of the Ancients)
 76034 | Tomb:3   | Got a dazzling scale mail
 76055 | Tomb:3   | Got a twisted leather armour
 76449 | Tomb:3   | Got a golden rune of Zot
 77094 | Vaults:5 | Entered Level 5 of the Vaults
 77238 | Vaults:4 | Reached XP level 27. HP: 135/251 MP: 28/28
 77953 | Vaults:4 | Got a serpentine copper amulet
 78066 | Vaults:4 | Identified the amulet of Ziucs {rCorr *Corrode MR+ Slay+3} (You took it off an ironbrand convoker on level 4 of the Vaults)
 78531 | Vaults:4 | Reached skill level 10 in Dodging
 78728 | Vaults:5 | Got a warped lapis lazuli ring
 78729 | Vaults:5 | Identified the ring of the Enemy {rPois Str+4 Dex+2} (You took it off a salamander stormcaller on level 5 of the Vaults)
 79069 | Vaults:5 | Found Sujudepto's Weapon Shop.
 79070 | Vaults:5 | Noticed an ancient lich
 79083 | Vaults:5 | Killed an ancient lich
 79229 | Vaults:5 | Got an ancient shortbow
 79230 | Vaults:5 | Identified the +10 shortbow "Iloikk" {flame, Dex+4} (You found it on level 5 of the Vaults)
 79508 | Vaults:5 | Identified a +4 rod of ignition (12/12) (You found it on level 5 of the Vaults)
 79517 | Vaults:5 | Got a distressingly furry leather armour
 79521 | Vaults:5 | Got an ancient scale mail
 79541 | Vaults:5 | Got a silver rune of Zot
 79922 | Hell     | Entered the Vestibule of Hell
 79922 | Hell     | Noticed Geryon
 79967 | Hell     | Killed Geryon
 80010 | Hell     | Found a gateway to the Iron City of Dis.
 80118 | Hell     | Found a gateway to the freezing wastes of Cocytus.
 80178 | Dis:1    | Entered Level 1 of the Iron City of Dis
 80831 | Dis:5    | Reached skill level 15 in Armour
 80973 | Dis:7    | Entered Level 7 of the Iron City of Dis
 81675 | Dis:7    | Got a smoking cloak
 81676 | Dis:7    | Identified the cursed +0 cloak of Ochoeh Ynie {rPois Str+3} (You found it on level 7 of the Iron City of Dis)
 82121 | Dis:7    | Noticed Dispater
 82157 | Dis:7    | Killed Dispater
 82218 | Dis:7    | Got an iron rune of Zot
 82222 | Dis:7    | Got a flickering iron ring
 82223 | Dis:7    | Identified the ring "Yssig" {rPois rC+ EV+4} (You found it on level 7 of the Iron City of Dis)
 82407 | Hell     | Found a gateway to the decaying netherworld of Tartarus.
 82420 | Tar:1    | Entered Level 1 of Tartarus
 82990 | Tar:7    | Entered Level 7 of Tartarus
 83136 | Tar:7    | Lost intelligence.
 83622 | Tar:7    | Noticed an ancient lich
 83631 | Tar:7    | Killed an ancient lich
 83641 | Tar:7    | Cast into the Abyss (reaper)
 83641 | Abyss:1  | Found a corrupted altar of Lugonu.
 83702 | Tar:7    | Escaped the Abyss
 83967 | Tar:7    | Noticed Ereshkigal
 84005 | Tar:7    | Killed Ereshkigal
 84015 | Tar:7    | Got a bone rune of Zot
 84249 | Hell     | Found a gateway to the ashen valley of Gehenna.
 84258 | Geh:1    | Entered Level 1 of Gehenna
 84476 | Geh:3    | Found an ancient bone altar of Kikubaaqudgha.
 85023 | Geh:7    | Entered Level 7 of Gehenna
 85432 | Geh:7    | Noticed the Serpent of Hell
 85451 | Geh:7    | Killed the Serpent of Hell
 85508 | Geh:7    | Got an ancient jade ring
 85537 | Geh:7    | Noticed Asmodeus
 85549 | Geh:7    | Killed Asmodeus
 85571 | Geh:7    | Got an obsidian rune of Zot
 85612 | Geh:7    | Identified the ring of Dafreta {Wiz Dex+5} (You took it off a vampire on level 7 of Gehenna)
 85758 | Coc:1    | Entered Level 1 of Cocytus
 86223 | Coc:5    | Reached skill level 27 in Fighting
 86740 | Coc:7    | Entered Level 7 of Cocytus
 86756 | Coc:7    | Noticed Antaeus
 86821 | Coc:7    | Reached skill level 15 in Dodging
 86933 | Coc:7    | HP: 10/273 [shard shrike (19)]
 87179 | Coc:7    | Got a spiked scale mail
 88050 | Coc:7    | Killed Antaeus
 88061 | Coc:7    | Got a sparkling bone ring
 88062 | Coc:7    | Identified the cursed ring "Xeekh" {*Drain +Blink +Fly AC-3 Int+2} (You found it on level 7 of Cocytus)
 88066 | Coc:7    | Got an icy rune of Zot
 88682 | Slime:1  | Entered Level 1 of the Pits of Slime
 88948 | Slime:6  | Entered Level 6 of the Pits of Slime
 88960 | Slime:6  | Gained mutation: Your body sometimes deteriorates upon taking damage. [a shining eye]
 89004 | Slime:6  | Noticed the royal jelly
 90221 | Slime:6  | Found a viscous altar of Jiyva.
 90255 | Slime:6  | Killed the royal jelly
 90321 | Slime:6  | Got a scintillating marble ring
 90322 | Slime:6  | Identified the ring "Ceorgh" {+Fly rN+ MR+ Int+3 Stlth-} (You found it on level 6 of the Pits of Slime)
 90518 | Slime:6  | Got a slimy rune of Zot
 90539 | Slime:6  | Got a faintly glowing cloak
 90540 | Slime:6  | Identified the cursed -3 cloak of Satisfaction {*Contam Str+4 Int+4} (You found it on level 6 of the Pits of Slime)
 90578 | Slime:6  | Gained mutation: Your body often deteriorates upon taking damage. [a shining eye]
 90583 | Slime:6  | Gained mutation: Potions and wands are less effective at restoring your health. [a shining eye]
 90728 | Lair:8   | Lost mutation: Your magical capacity is very low (-20% MP). [potion of cure mutation]
 90728 | Lair:8   | Lost mutation: Your body often deteriorates upon taking damage. [potion of cure mutation]
 90728 | Lair:8   | Lost mutation: Your magical capacity is low (-10% MP). [potion of cure mutation]
 90729 | Lair:8   | Lost mutation: Your body sometimes deteriorates upon taking damage. [potion of cure mutation]
 90729 | Lair:8   | Lost mutation: You are covered in fur (AC +1). [potion of cure mutation]
 90729 | Lair:8   | Lost mutation: Potions and wands are less effective at restoring your health. [potion of cure mutation]
 91377 | Pan      | Entered Pandemonium
 91377 | Pan      | Found an exit through the horrors of the Abyss.
 91535 | Pan      | Noticed Fool the pandemonium lord
 91862 | Pan      | Gained mutation: You expend magic power (3 MP) to strengthen your wands. [a neqoxec]
 92112 | Pan      | Noticed Tabadwecke the pandemonium lord
 92122 | Pan      | Killed Tabadwecke the pandemonium lord
 92178 | Pan      | Noticed Soplesaxut the pandemonium lord
 92184 | Pan      | Killed Soplesaxut the pandemonium lord
 92316 | Pan      | Lost mutation: You expend magic power (3 MP) to strengthen your wands. [the power of Zot]
 92737 | Pan      | Noticed Qibbogiu the pandemonium lord
 92753 | Pan      | Killed Qibbogiu the pandemonium lord
 92759 | Pan      | Gained mutation: You are clumsy. (Dex -2) [a neqoxec]
 92812 | Pan      | Entered the realm of Gloorx Vloq.
 92921 | Pan      | Noticed Gloorx Vloq
 92940 | Pan      | Killed Gloorx Vloq
 92964 | Pan      | Got a dark rune of Zot
 93125 | Pan      | Entered the realm of Cerebov.
 93306 | Pan      | Noticed Cerebov
 93340 | Pan      | Killed Cerebov
 93369 | Pan      | Got a twitching marble ring
 93370 | Pan      | Identified the ring "Nyso" {rF+ Int+3} (You found it in Pandemonium)
 93412 | Pan      | Got a fiery rune of Zot
 93527 | Pan      | Gained mutation: Your magical capacity is low (-10% MP). [a cacodemon]
 93643 | Pan      | Entered the realm of Mnoleg.
 93648 | Pan      | Gained mutation: Your magical capacity is very low (-20% MP). [a cacodemon]
 93673 | Pan      | Gained mutation: Your magical capacity is extremely low (-30% MP). [a cacodemon]
 93931 | Pan      | Noticed Mnoleg
 93975 | Pan      | Killed Mnoleg
 93979 | Pan      | Gained mutation: You are occasionally teleported to nearby monsters. [a neqoxec]
 94024 | Pan      | Got a glowing rune of Zot
 94096 | Pan      | Entered the realm of Lom Lobon.
 94097 | Pan      | Lost mutation: Your magical capacity is extremely low (-30% MP). [potion of cure mutation]
 94097 | Pan      | Lost mutation: You are occasionally teleported to nearby monsters. [potion of cure mutation]
 94097 | Pan      | Lost mutation: You are clumsy. (Dex -2) [potion of cure mutation]
 94097 | Pan      | Lost mutation: Your magical capacity is very low (-20% MP). [potion of cure mutation]
 94449 | Pan      | Noticed Lom Lobon
 94460 | Pan      | Drowned

Vault maps used:
D:1:      onia_arrival_mini_maze
D:2:      ecumenical_altar_2, minmay_misc_feat_x, dk_vineyard_1,
          uniq_crazy_yiuf_cottage, uniq_robin
D:3:      first_bread, kennysheep_doodads, xom_teletrap_fun, uniq_jessica,
          uniq_iyjb, uniq_terence, uniq_sigmund
D:4:      uniq_pikel
D:5:      basic_altar, uniq_duvessa, uniq_grinder, uniq_blork_the_orc
D:6:      grunt_temple_overflow_open
D:7:      kennysheep_six_static_rooms, led_sif_pool,
          minmay_temple_entry_nine_rooms, evilmike_ruin_ashenzari
D:8:      elyvilon_altar_4, grunt_lair_entry_elf_guard_hut, basic_altar,
          st_stairs_1
D:9:      overflow_temple_1_default, serial_shops, shop, hangedman_fish_farm,
          minmay_misc_feat_pillars
D:10:     orc_0_dummy, basic_altar
D:11:     kennysheep_generic_room_6, uniq_josephine
D:12:     minmay_stepped, basic_altar
D:13:     david_vaults_2, serial_shops, nicolae_shop_behind_doors,
          eino_small_chamber_without_monster, uniq_rupert
D:14:     minivault_4
D:15:     hangedman_depths_entry_civil_slaughter, minivault_25, hangedman_batty
Lair:1:   portal_ice_cave_entry_imps, guppyfry_lair_drakes
Lair:2:   nicolae_volcano_entry_lava_flow, lab_entry_generic
Lair:3:   guppyfry_snake_entry_garden, serial_bayou, serial_bayou_pond_c,
          serial_bayou_pond_a, serial_bayou_lake_a, serial_bayou_ford_a,
          wad_woods_road_02, minmay_hedge_maze
Lair:4:   minivault_24, uniq_snorg
Lair:5:   hangedman_lair_generics_rect, infiniplex_staircase_pool,
          serial_bayou_shore_a, lemuel_fruit_fields, grunt_megastairs_2,
          lemuel_fruit_tree
Lair:6:   minmay_swamp_entry_reptiles, minmay_holes, roderic_lost_polar_bear,
          bh_autumn_forest_stairs
Lair:7:   grunt_megastairs_3
Lair:8:   grunt_lair_end_beastmaster, slime_altar_1, serial_bayou_pond_c
Swamp:1:  nicolae_swamp_fairy_circle
Swamp:2:  evilmike_swamp_ruin_house_6, swamp_pool3, hangedman_swamp_lotus,
          st_shrine_of_shade, uniq_jorgrun, uniq_kirke
Swamp:3:  nicolae_swamp_rocky_clearing, swamp_pool1
Swamp:4:  grunt_swamp_rune_castle, grunt_hermit_hut
Snake:1:  uniq_agnes, uniq_aizul
Snake:2:  serial_shops, bzr_entry_lakeside
Snake:3:  grunt_ministairs_9, nrook_guardian_serpent_double, uniq_wiglaf
Snake:4:  snake_pit, serial_curves, eino_curves_02, eino_curves_01
Slime:3:  nicolae_slime_barrier
Orc:1:    nicolae_orc_flooded_monolith
Orc:3:    nicolae_orc_pool_cavern
Orc:4:    st_orc_mages, nicolae_for_you_no_charge
Elf:1:    minmay_elf_arrival_plus, serial_shops,
          nicolae_shop_temple_entry_statues_fountains, minmay_elf_demonology
Elf:2:    mu_enter_wizlab_4, serial_shops, shop
Elf:3:    minmay_elf_hall_dome, minivault_28
Vaults:1: ontoclasm_vaults_ring_square, hangedman_vaults_corner_blocks,
          nicolae_vaults_windows_and_doors_thing, v_rooms_5,
          vaults_room_semicircle, vaults_mumra_hex, hangedman_vaults_trim,
          nicolae_vaults_circle_grid_a, nicolae_vaults_asterisk, v_misc_19,
          serial_shops, nicolae_shop_stone
Vaults:2: ontoclasm_vaults_chip, vaults_room_pool, ontoclasm_vaults_bender,
          grunt_vaults_hallway_short, nicolae_vaults_alarming, vaults_room_grid,
          grunt_tower_of_power, ontoclasm_vaults_ring_small,
          ontoclasm_vaults_ring_square, hangedman_vaults_trim, v_pattern_5,
          v_misc_25, serial_ice_b, vaults_room_corners
Vaults:3: grunt_vaults_diagonal, minmay_crypt_entry_simple_statues, v_misc_29,
          dpeg_vaults_monster_row, v_misc_18, nicolae_vaults_little_squares_1,
          ontoclasm_vaults_eye, nicolae_vaults_shelves_hall,
          ontoclasm_vaults_decontamination, vaults_room_door_hall,
          nicolae_vaults_ninety_degrees, vaults_room_pools, uniq_norris
Vaults:4: hangedman_vaults_slice, v_pattern_1, vaults_room_pools,
          hangedman_vaults_hat, nicolae_vaults_little_squares_6, v_misc_28,
          v_misc_3, nicolae_vaults_triangles, ontoclasm_vaults_twist,
          ontoclasm_vaults_claustrophobia, nicolae_vaults_little_squares_4,
          vaults_dpeg_hooks, uniq_margery
Vaults:5: serial_shops
Crypt:2:  wad_floor_pattern_2, st_small_mortuary, uniq_xtahua
Crypt:3:  grunt_crypt_end_deaths_head
Depths:1: enter_ziggurat_a, pf_dread_powers_of_hell, tso_altar, uniq_nikola,
          uniq_sojobo
Depths:2: hangedman_crystal_crosses_colossus, abyss_entry, hell_entry
Depths:3: mu_elephants_graveyard, serial_shops, shop_fountains,
          infiniplex_staircase_pillars_2, hell_entry, marbit_kobold_abyss_entry,
          rand_demon_pan_entry_4, spider_trap, st_stairs_5
Depths:4: minmay_crystal_thing, hellmouth_1, abyss_entry_flame_altar,
          serial_sigils, serial_sigils_hangedman_gnaw,
          serial_sigils_hangedman_shear, serial_sigils_hangedman_gut,
          serial_sigils_hangedman_scar, uniq_frederick
Dis:7:    iron_city_of_dis
Geh:3:    lemuel_hellish_altar
Geh:7:    geh_old
Coc:7:    coc_grunt
Tar:4:    grunt_deathspiral_small
Tar:5:    nicolae_tar_cuneiform_to_be
Tar:7:    tar_grunt_ereshkigal, tar_grunt_big_loot, tar_grunt_small_loot,
          tar_grunt_small_loot, tar_grunt_small_loot,
          tar_grunt_small_decor_pillar, tar_grunt_decor_3,
          tar_grunt_small_decor_pillar, tar_grunt_decor_8,
          tar_grunt_small_decor_pillar, tar_grunt_small_decor_pillar,
          tar_grunt_decor_8, tar_grunt_small_decor_pillar,
          tar_grunt_decor_cross_ortho, tar_grunt_decor_1,
          tar_grunt_small_decor_pillar, tar_grunt_decor_8, tar_grunt_decor_3,
          tar_grunt_small_decor_pillar, tar_grunt_decor_cross_diag
Abyss:1:  bh_abyss_xom_lugonu_altar, hangedman_abyss_exit_choices,
          evilmike_abyss_exit_2, evilmike_abyss_exit_2
Abyss:3:  evilmike_abyss_rune_siren, evilmike_abyss_exit_8
Abyss:4:  evilmike_abyss_exit_kraken, hangedman_elemental_corridor
Pan:      evilmike_mini_pan_possible_glass, pan_blood_fountain_small,
          evilmike_mini_pan_possible_glass, pan_blood_fountain,
          evilmike_mini_pan_thingy, pan_blood_fountain_small,
          nicolae_pan_door_chamber, grunt_pan_in_and_out, rand_demon_6,
          pan_blood_fountain_2, evilmike_mini_pan_corner,
          reaverb_pan_figure_eight, nicolae_pan_mnolegish_2,
          evilmike_mini_pan_branches, pan_blood_fountain_small,
          nicolae_pan_double_arrow, pan_blood_fountain, rand_demon_4,
          rand_demon_4, nicolae_pan_diamonds, evilmike_gloorx_vloq_box,
          cerebov_st, uniq_mennas_pan, lemuel_draining_boxes,
          pan_blood_fountain_small, uniq_mennas_pan, evilmike_mini_pan_corridor,
          pan_blood_fountain, nicolae_pan_glass_arcs, evilmike_mini_pan_3x3,
          pan_surprise, mnoleg_st, nicolae_pan_sigil_eeng, lom_lobon_grunt
Bazaar:   bazaar_jpeg_circle_common
IceCv:    ice_cave_small_demon
Volcano:  volcano_grotto

Action                   |  1- 3 |  4- 6 |  7- 9 | 10-12 | 13-15 | 16-18 | 19-21 | 22-24 | 25-27 || total
-------------------------+-------+-------+-------+-------+-------+-------+-------+-------+-------++-------
Melee: Dagger            |    87 |    54 |       |       |       |       |       |       |       ||   141
       Unarmed           |     7 |       |       |       |       |       |       |       |       ||     7
       Quarterstaff      |       |    59 |   314 |       |       |       |       |       |       ||   373
       Scythe            |       |     4 |       |       |       |       |       |       |       ||     4
       Spear             |       |       |    21 |       |       |       |       |       |       ||    21
       Trident           |       |       |     9 |  1880 |  1800 |       |     9 |       |       ||  3698
       Bardiche          |       |       |       |     2 |     8 |       |   343 |  1284 |  4639 ||  6276
 Fire: Shortbow          |       |       |   109 |   121 |   442 |       |       |       |       ||   672
       Longbow           |       |       |       |       |   508 |  2066 |  2243 |  1140 |   319 ||  6276
Throw: Throwing net      |       |       |       |       |       |       |     1 |     1 |     1 ||     3
 Cast: Magic Dart        |    79 |   136 |       |       |       |       |       |       |       ||   215
Invok: Heroism           |       |       |       |    20 |     6 |     4 |     1 |       |       ||    31
       Finesse           |       |       |       |       |     3 |     2 |     1 |       |       ||     6
       Brand Weapon With |       |       |       |       |       |       |     1 |       |       ||     1
       Summon Divine War |       |       |       |       |       |       |       |     6 |    52 ||    58
       Cleansing Flame   |       |       |       |       |       |       |       |       |     7 ||     7
Evoke: Wand              |       |     3 |       |    18 |    14 |     6 |     1 |     9 |    32 ||    83
  Use: Scroll            |     4 |    11 |     6 |    15 |    21 |    12 |     8 |    25 |    44 ||   146
       Potion            |       |     2 |     2 |     5 |     2 |     1 |     2 |     5 |    17 ||    36
 Stab: Sleeping          |       |     1 |       |       |       |       |       |       |       ||     1
       Confused          |       |       |     2 |       |       |       |       |       |       ||     2
       Paralysed         |       |       |     2 |    16 |       |       |       |       |       ||    18
       Distracted        |       |       |       |       |     1 |       |       |       |     3 ||     4
       Petrified         |       |       |       |       |     4 |       |       |       |       ||     4
       Petrifying        |       |       |       |       |     1 |       |       |       |       ||     1
       Fleeing           |       |       |       |       |     1 |       |       |       |       ||     1
       Held in net/web   |       |       |       |       |       |       |       |     1 |       ||     1
  Eat: Chunk             |     5 |    13 |    11 |    23 |    32 |     5 |    10 |     7 |     1 ||   107
       Fruit             |       |       |     2 |    21 |    19 |     5 |       |     2 |    11 ||    60
       Royal jelly       |       |       |     1 |     2 |       |       |     1 |     3 |     2 ||     9
       Pizza             |       |       |       |     2 |     4 |     1 |     1 |       |       ||     8
       Beef jerky        |       |       |       |     1 |     5 |     4 |     1 |     2 |     4 ||    17
       Meat ration       |       |       |       |       |       |     3 |     3 |     6 |    13 ||    25
       Bread ration      |       |       |       |       |       |       |       |       |     1 ||     1
